 Dungeon Crawl Stone Soup version 0.22-a0-603-gfc1114d (webtiles) character file.

1804 sking99 the Grappler (level 8, -18/69 HPs)
             Began as a Purple Draconian Transmuter on July 7, 2018.
             Was a Believer of Makhleb.
             Demolished by an orc warrior
             ... wielding a +0 glaive of venom
              (30 damage)
             ... on level 6 of the Dungeon.
             The game lasted 00:16:49 (7771 turns).

sking99 the Grappler (Purple Draconian Transmuter)  Turns: 7771, Time: 00:16:50

Health: -18/69     AC:  8    Str: 13    XL:     8   Next: 83%
Magic:  12/12      EV: 13    Int: 17    God:    Makhleb [**....]
Gold:   179        SH:  0    Dex: 12    Spells: 10/13 levels left

rFire    . . .     SeeInvis .     - Unarmed
rCold    + . .     Gourm    .   (no shield)
rNeg     . . .     Faith    .   (armour unavailable)
rPois    .         Spirit   .   n - +2 hat
rElec    .         Reflect  .   (no cloak)
rCorr    .         Harm     .   (no gloves)
MR       +....                  (no boots)
Stlth    +.........             (no amulet)
HPRegen  0.21/turn              i - +2 ring of intelligence
MPRegen  0.13/turn              r - ring of protection from cold

@: lethally poisoned (-18 -> -50)
A: breathe power, unfitting armour, cold-blooded, AC +6
a: Breathe Dispelling Energy, Minor Destruction, Renounce Religion


You were on level 6 of the Dungeon.
You worshipped Makhleb.
Makhleb was pleased with you.
You were near starving.

You visited 1 branch of the dungeon, and saw 7 of its levels.
You also visited: Sewer.

You collected 179 gold pieces.

Inventory:

Missiles
 a - 79 arrows (quivered)
Armour
 k - a +1 pair of gloves
 n - a +2 hat (worn)
 v - a cursed +0 buckler
Jewellery
 i - a +2 ring of intelligence (left hand)
 j - an uncursed ring of positive energy
 r - a ring of protection from cold (right hand)
Scrolls
 d - 2 scrolls of teleportation
 e - 6 scrolls of remove curse
 f - a scroll of amnesia
Potions
 b - a potion of flight {unknown}
 g - 2 potions of brilliance
 h - a potion of agility {unknown}
 l - 4 potions of curing {unknown}
 m - a potion of mutation
 p - a potion of invisibility
 s - a potion of might {unknown}
 t - a potion of resistance {unknown}
 w - 2 potions of lignification {unknown}
Comestibles
 c - 8 rations


   Skills:
 + Level 5.4 Fighting
 + Level 2.6 Dodging
 * Level 8.6 Unarmed Combat
 - Level 3.0 Spellcasting
 - Level 5.0 Transmutations
 + Level 3.4 Invocations


You had 10 spell levels left.
You knew the following spells:

 Your Spells              Type           Power        Failure   Level  Hunger
a - Beastly Appendage     Tmut           ###...       2%          1    None
b - Sticks to Snakes      Tmut           ###.....     3%          2    ##.....

Your spell library contained the following spells:

 Spells                   Type           Power        Failure   Level  Hunger
 Spider Form              Tmut/Pois      ##........   19%         3    ###....
 Blade Hands              Tmut           ###.......   52%         5    ######.
 Ice Form                 Ice/Tmut       ##......     52%         4    ####...


Dungeon Overview and Level Annotations

Branches:
Dungeon (7/15)             Temple (0/1) D:4

Altars:
Kikubaaqudgha
Makhleb
Ru

Shops:
D:5 (


Innate Abilities, Weirdness & Mutations

You can breathe bolts of dispelling energy.
Your rich purple scales are hard. (AC +6)
You cannot fit into any form of body armour.
You are cold-blooded and may be slowed by cold attacks.


Message History

The orc warrior hits you with a glaive of venom.
You feel much better.
You feel sick.
The orc warrior hits you with a glaive of venom.
You are more poisoned.
You hit the orc warrior but do no damage.
The orc warrior is lightly wounded.
You feel very sick.
You closely miss the orc warrior.
The orc warrior is lightly wounded.
You feel sick.
The orc warrior hits you with a glaive of venom!!
* * * LOW HITPOINT WARNING * * *
You are more poisoned.
You hit the orc warrior but do no damage.
You punch the orc warrior.
The orc warrior is lightly wounded.
* * * LOW HITPOINT WARNING * * *
You feel sick.
The orc warrior hits you with a glaive of venom!!
You die...

############# ##.....#.....##
##.............## ###
#...............# ####
..#####...............#####..#
#....##.....................##
.###>.#(..............###....#
...............o@.....###..#.#
....##..................#..#.#
...######....................#
...# #######.##.#.....###.####
.#.### #.[.......####.....
.....# ###).###....##....##.
##.#.# #.)..# #..........##.
.....# #<#.####....#.....##.
.....# ##.#.# #.....##....#..


You could see an orc warrior.

Vanquished Creatures
  Edmund (D:5)
  2 ice beasts
  A phantom (D:5)
  2 ogres
  A centaur (D:6)
  2 bullfrogs (Sewer)
  2 scorpions
  4 wights (D:6)
  3 crimson imps
  2 hounds
  A gnoll shaman (D:6)
  4 orc wizards
  An iguana (D:5)
  6 worker ants
  7 gnolls
  5 adders
  2 river rats (D:5)
  A shadow imp (D:7)
  2 adder skeletons
  3 worms
  2 dart slugs
  7 leopard geckos
  15 orcs
  4 ball pythons
  7 giant cockroaches
  7 goblins
  6 hobgoblins
  6 jackals
  2 quokkas
  4 bats
  12 frilled lizards
  8 kobolds
  A quokka skeleton (D:6)
  A quokka zombie (D:6)
  6 rats
  A bush (D:2)
  A plant (D:2)
142 creatures vanquished.

Vanquished Creatures (collateral kills)
  An ice beast (D:3)
  A bullfrog skeleton (D:6)
  A goblin (D:2)
3 creatures vanquished.

Vanquished Creatures (others)
  2 leopard geckos (D:2)
2 creatures vanquished.

Grand Total: 147 creatures vanquished

Notes
Turn   | Place    | Note
-------+----------+-------------------------------------------
     0 | D:1      | sking99 the Draconian Transmuter began the quest for the Orb.
     0 | D:1      | Reached XP level 1. HP: 16/16 MP: 3/3
   361 | D:1      | Reached XP level 2. HP: 23/23 MP: 5/5
   416 | D:1      | Learned a level 2 spell: Sticks to Snakes
  1104 | D:2      | Reached XP level 3. HP: 23/29 MP: 6/6
  1507 | D:2      | Reached skill level 4 in Unarmed Combat
  2718 | D:3      | Reached XP level 4. HP: 37/37 MP: 7/7
  2721 | D:3      | Found a burning altar of Makhleb.
  2784 | D:3      | Became a worshipper of Makhleb the Destroyer
  2994 | D:3      | Noticed an ice beast
  3022 | D:3      | Killed an ice beast
  3022 | D:3      | Reached XP level 5. HP: 27/44 MP: 6/8
  3417 | D:3      | Reached skill level 5 in Unarmed Combat
  3700 | D:4      | Reached XP level 6. HP: 18/51 MP: 9/9
  3701 | D:4      | Reached * piety under Makhleb
  4013 | D:4      | Found a staircase to the Ecumenical Temple.
  4109 | D:4      | Found an ancient bone altar of Kikubaaqudgha.
  4321 | D:5      | Entered Level 5 of the Dungeon
  4432 | D:5      | Reached skill level 6 in Unarmed Combat
  4438 | D:5      | Your scales start taking on a rich purple colour.
  4438 | D:5      | Reached XP level 7. HP: 21/59 MP: 8/10
  4591 | D:5      | Found a glowing drain.
  4641 | Sewer    | Entered a sewer
  4906 | Sewer    | Reached ** piety under Makhleb
  5404 | D:5      | Found Voaneisk's Weapon Emporium.
  5553 | D:5      | Reached skill level 7 in Unarmed Combat
  5747 | D:5      | Found a sacrificial altar of Ru.
  5913 | D:5      | Noticed Edmund
  5978 | D:5      | HP: 3/60 [Edmund/antimagic dire flail (6)]
  6278 | D:4      | Reached skill level 1 in Invocations
  6278 | D:4      | Reached XP level 8. HP: 62/67 MP: 3/12
  6366 | D:5      | Killed Edmund
  6366 | D:5      | Reached skill level 5 in Transmutations
  6598 | D:6      | Reached skill level 8 in Unarmed Combat
  7020 | D:6      | Reached skill level 5 in Fighting
  7771 | D:6      | Demolished by an orc warrior

Vault maps used:
D:1:      minmay_arrival_four_circles
D:2:      first_ration, serial_forest, infiniplex_forest_straight_2,
          infiniplex_forest_clump_medium, infiniplex_forest_lined_room_2,
          infiniplex_forest_clump_tiny, infiniplex_forest_clump_double,
          lemuel_old_faithful
D:3:      makhleb_heckhound_becter
D:4:      marbit_many_paths, minmay_temple_entry_junction_2
D:5:      portal_sewer_entry_a, serial_shops, shop, basic_altar,
          minmay_crystal_water, uniq_edmund
D:7:      grunt_livestock, uniq_joseph
Sewer:    sewer_frog_island_01

Skill      XL: |  1  2  3  4  5  6  7  8 |
---------------+-------------------------+-----
Fighting       | 2 3 4 5 |  5.4
Unarmed Combat | 4 5 6 7 8 |  8.6
Transmutations | 3 4 5 |  5.0
Invocations    | 1 3 |  3.4
Spellcasting   | 3 |  3.0
Dodging        | 2 |  2.6

Action                   |  1- 3 |  4- 6 |  7- 9 || total
-------------------------+-------+-------+-------++-------
Melee: Unarmed           |   434 |   195 |   314 ||   943
       Tailslap          |    64 |    20 |    37 ||   121
       Punch             |    11 |     3 |     6 ||    20
       Kick              |       |     1 |     9 ||    10
 Cast: Sticks to Snakes  |     1 |     5 |     6 ||    12
       Beastly Appendage |       |     1 |     3 ||     4
Invok: Minor Destruction |       |       |    11 ||    11
  Use: Scroll            |       |     8 |     7 ||    15
       Potion            |       |       |     4 ||     4
 Stab: Sleeping          |       |     2 |       ||     2
  Eat: Chunk             |     3 |     6 |    10 ||    19
       Ration            |     1 |       |       ||     1
Armor: Skin              |    42 |    46 |    94 ||   182
Dodge: Dodged            |    83 |   104 |   206 ||   393

Table legend:
 A = Spawn XP
 B = Non-spawn XP
 C = Spawn XP percentage of total XP
 D = Spawn monster count
 E = Non-spawn monster count
 F = Spawn count percentage of total count
 G = Total turns spent on level
                    A         B        C        D         E        F      G
               +---------+---------+-------+---------+---------+-------+---------
         Total |       0 |    2578 |   0.0 |       0 |     143 |   0.0 |  7771
               +---------+---------+-------+---------+---------+-------+---------
           D:1 |       0 |      28 |   0.0 |       0 |      16 |   0.0 |   925
           D:2 |       0 |      49 |   0.0 |       0 |      18 |   0.0 |  1559
           D:3 |       0 |     220 |   0.0 |       0 |      21 |   0.0 |  1407
           D:4 |       0 |     293 |   0.0 |       0 |      14 |   0.0 |   794
           D:5 |       0 |     842 |   0.0 |       0 |      36 |   0.0 |  1373
           D:6 |       0 |     798 |   0.0 |       0 |      17 |   0.0 |   779
           D:7 |       0 |     147 |   0.0 |       0 |       3 |   0.0 |   241
         Sewer |       0 |     201 |   0.0 |       0 |      18 |   0.0 |   693
               +---------+---------+-------+---------+---------+-------+---------
